 Dungeon Crawl Stone Soup version 0.25-a0-44-g29a1220a87 (webtiles) character file.

Game seed: 11983274099504908255, levelgen mode: deterministic

87 Alarkh the Skirmisher (level 4, 27/35 HPs)
             Began as a Demonspawn Fighter on Oct 23, 2019.
             Got out of the dungeon alive.
             The game lasted 00:01:10 (1345 turns).

Alarkh the Skirmisher (Demonspawn Fighter)          Turns: 1345, Time: 00:01:11

Health: 27/35      AC:  6    Str: 16    XL:     4   Next: 28%
Magic:  4/4        EV:  6    Int: 10    God:
Gold:   111        SH:  8    Dex: 13    Spells: 3/3 levels left

rFire    . . .     SeeInvis .   a - +0 long sword
rCold    . . .     Gourm    .   c - +0 shield
rNeg     . . .     Faith    .   b - +0 scale mail
rPois    .         Spirit   +   (helmet restricted)
rElec    .         Reflect  .   (no cloak)
rCorr    .         Harm     .   (no gloves)
MR       .....                  (no boots)
Stlth    ..........             (no amulet)
HPRegen  0.11/turn              (no ring)
MPRegen  0.09/turn              (no ring)

@: no status effects
A: horns 1, talons 1, magic shield
a: no special abilities


You escaped.
You were not hungry.

You visited 1 branch of the dungeon, and saw 3 of its levels.

You collected 111 gold pieces.

Inventory:

Hand Weapons
 a - a +0 long sword (weapon)
Armour
 b - a +0 scale mail (worn)
 c - a +0 shield (worn)
Jewellery
 i - a +2 ring of protection {unknown}
Scrolls
 g - a scroll of identify {unknown}
 j - a scroll of enchant weapon {unknown}
 k - a scroll of enchant armour {unknown}
 n - a scroll of fog {unknown}
 o - a scroll of blinking {unknown}
Potions
 e - a potion of haste {unknown}
 l - a potion of heal wounds {unknown}
 m - a potion of cancellation {unknown}
 p - 2 potions of invisibility {unknown}
 q - a potion of curing {unknown}
 r - 2 potions of resistance {unknown}
Comestibles
 d - 2 chunks of flesh
 f - 6 rations


   Skills:
 - Level 3.0 Fighting
 - Level 3.0 Long Blades
 - Level 2.6 Armour
 - Level 2.6 Shields
 * Level 2.7 Unarmed Combat


You had 3 spell levels left.
You didn't know any spells.
Your spell library was empty.

Dungeon Overview and Level Annotations

Branches:
Dungeon (3/15)

Altars:
Elyvilon
Zin


Innate Abilities, Weirdness & Mutations

You have a pair of small horns on your head.
You have sharp toenails.
When hurt, damage is shared between your health and your magic reserves.


Message History

You hear the slow rusting of a very distant drain.
There is a stone staircase leading up here.
You climb upwards.
There is a stone staircase leading down here.
You see here a +0 club.
There is a stone staircase leading up here.
You climb upwards.
There is a stone staircase leading down here.
You can't go up here!
You feel a little less mighty now.
(D) Dungeon
Where to? (Enter - D:1 @ (x,y), ? - help) Eating one of 3 chunks of flesh.
You eat one of the 3 chunks of flesh.
This raw flesh tastes terrible.
You see here 2 stones.
You see here a stone.
There is an open door here.
There is a staircase leading out of the dungeon here.
Are you sure you want to leave the Dungeon?
This will make you lose the game!
You have escaped!

#.# #.... #.# #.... #.# #....
#### ### ##.# #.... #..## #.#
##..# #.##. #.#.### #.#
###.#####..##
#.##..####'####..####......
#.####..'...'..####...#.#.# #.#
####.@.#### #....⌠...
######.####..'...'..#######.....
#......##..####'####..## #..##.
#.####.#.### #.# ###.####..##.
#.# #.#################........
##.####.......#.##.##......#####.
........####[##.##.######### ##.
.#(.#.#.# #.##......# #..
.#..#.#.# #.#####.#.# #..


There were no monsters in sight!

Vanquished Creatures
  Robin (D:3)
  2 oozes
  3 worms (D:2)
  2 dart slugs
  A leopard gecko (D:1)
  4 giant cockroaches
  14 goblins
  9 hobgoblins
  2 jackals
  4 bats
  A frilled lizard (D:1)
  2 kobolds (D:1)
  3 rats (D:1)
48 creatures vanquished.

Notes
Turn   | Place    | Note
-------+----------+-------------------------------------------
     0 | D:1      | Alarkh the Demonspawn Fighter began the quest for the Orb.
     0 | D:1      | Reached XP level 1. HP: 18/18 MP: 1/1
    97 | D:1      | Gained mutation: You have a pair of small horns on your
                  | head. [demonic ancestry]
    97 | D:1      | Reached XP level 2. HP: 24/24 MP: 2/2
   520 | D:1      | Gained mutation: You have sharp toenails. [demonic
                  | ancestry]
   520 | D:1      | Reached XP level 3. HP: 27/29 MP: 3/3
   582 | D:1      | Reached skill level 1 in Unarmed Combat
  1077 | D:2      | Found a glowing silver altar of Zin.
  1119 | D:2      | Found a white marble altar of Elyvilon.
  1238 | D:3      | Noticed Robin
  1245 | D:3      | Gained mutation: When hurt, damage is shared between your
                  | health and your magic reserves. [demonic ancestry]
  1245 | D:3      | Reached XP level 4. HP: 30/35 MP: 4/4
  1250 | D:3      | Killed Robin
  1345 | D:$      | Got out of the dungeon alive.

Levels and vault maps discovered:
D:1:      dpeg_arrival_radiant, layout_loops_cross, hangedman_feature_mirror
D:2:      layout_rooms, lemuel_doored_altar, lemuel_crystal_altar, first_ration,
          minmay_increasing_density
D:3:      layout_rooms, portal_sewer_entry_e,
          wander_ebering_terrifying_dragon_lair, uniq_robin, uniq_natasha

Skill      XL: |  1  2  3 |
---------------+----------+-----
Long Blades    | 2 3 |  3.0
Unarmed Combat | 2 |  2.7
Fighting       | |  3.0
Armour         | |  2.6
Shields        | |  2.6

Action                   |  1- 3 |  4- 6 || total
-------------------------+-------+-------++-------
Melee: Long sword        |   101 |     7 ||   108
       Headbutt          |    16 |     2 ||    18
       Kick              |    11 |     2 ||    13
  Use: Potion            |       |     1 ||     1
  Eat: Chunk             |     1 |     1 ||     2
Armor: Scale mail        |    51 |     9 ||    60
Dodge: Dodged            |    38 |    10 ||    48
Block: Shield            |    49 |    13 ||    62
       Rpst.: Long sword |    13 |     4 ||    17

Table legend:
 A = Non-vault XP
 B = Vault XP
 C = Vault XP percentage of total XP
 D = Non-vault monster count
 E = Vault monster count
 F = Vault count percentage of total count
                 A         B        C        D         E       F
            +---------+---------+-------+---------+---------+-------
      Total |      65 |      60 |  48.0 |      30 |      18 |  37.5
            +---------+---------+-------+---------+---------+-------
        D:1 |      41 |       6 |  12.8 |      22 |       2 |   8.3
        D:2 |      24 |      18 |  42.9 |       8 |       5 |  38.5
        D:3 |       0 |      36 | 100.0 |       0 |      11 | 100.0
            +---------+---------+-------+---------+---------+-------
